AoeStats
← βolacha

Arabia

508525115Analyzed
1v1 RM · 10d ago on Sep 22, 2026· 52m 43s· 2 players
Game mode
Random Map
Map size
Tiny (2 player)
Population
200
Speed
Normal
Resources
Standard
Victory
Conquest
Starting age
Dark Age
Ending age
Imperial Age
RankedLock teamsTeams togetherTeam positionsShared explorationLock speedFull tech treeHidden civsTurbo modeCheats
Victory
Defeat
🇸🇮 Mongols · Slovenia
982
+14
🇧🇷 Franks · Brazil
948
-14
βolacha
7:30 Loom
8:23 Loom
11:03 Feudal Age
20:41 Castle Age
19:39 Double-Bit Axe
21:35 Forging
21:32 Scale Barding Armor
21:40 Bow Saw
27:11 Gold Mining
27:12 Stone Mining
28:05 Iron Casting
29:02 Husbandry
32:46 Gold Shaft Mining
33:46 Elite Skirmisher
35:34 Fletching
35:45 Padded Archer Armor
36:06 Chain Barding Armor
37:01 Wheelbarrow
40:36 Imperial Age
39:40 Hand Cart
40:56 Leather Archer Armor
40:46 Bodkin Arrow
42:28 Blast Furnace
41:09 Cavalier
44:16 Plate Barding Armor
44:04 Chivalry
44:25 Conscription
50:15 Light Cavalry
50:16 Paladin
50:49 Pikeman
51:29 Squires
51:16 Gambesons
52:49 Chemistry
51:35 Halberdier
jure
6:25 Loom
9:07 Feudal Age
20:26 Castle Age
19:02 Double-Bit Axe
19:00 Horse Collar
22:06 Fletching
22:23 Scale Barding Armor
22:42 Bow Saw
23:17 Bodkin Arrow
25:26 Chain Barding Armor
25:40 Thumb Ring
26:58 Heavy Plow
28:34 Husbandry
28:45 Bloodlines
32:45 Wheelbarrow
34:09 Ballistics
38:16 Imperial Age
38:56 Heavy Cavalry Archer
40:18 Parthian Tactics
40:33 Bracer
43:00 Chemistry
41:56 Heavy Camel Rider
48:43 Siege Engineers
48:50 Fortified Wall
48:53 Masonry
49:01 Hand Cart
51:30 Conscription
Connection lost

Rejoining the realm…

Still unreachable

The connection could not be restored.

Session expired

The server has moved on; the page needs a fresh start.